 Dungeon Crawl Stone Soup version 0.28-a0-843-gb979743d38 (webtiles) character file.

Game seed: 10807354851180293678

67 Ijustatesigmund the Skirmisher (level 4, 0/30 HPs)
             Began as a Gargoyle Fighter on Nov 12, 2021.
             Slain by a ball python (3 damage)
             ... on level 2 of the Dungeon.
             The game lasted 00:02:09 (1604 turns).

Ijustatesigmund the Skirmisher (Gargoyle Fighter)   Turns: 1604, Time: 00:02:10

Health: 0/30       AC: 11    Str: 20    XL:     4   Next: 18%
Magic:  4/4        EV:  6    Int:  9    God:
Gold:   33         SH:  4    Dex:  9    Spells: 2/3 levels left

rFire   + . .      SeeInvis .   a - +0 flail
rCold   + . .      Faith    .   c - +0 buckler
rNeg    + . .      Spirit   .   b - +0 scale mail
rPois   ∞          Reflect  .   h - +0 helmet
rElec   +          Harm     .   (no cloak)
rCorr   +          Rampage  .   (no gloves)
Will    .....                   (no boots)
Stlth   ..........              (no amulet)
HPRegen 0.10/turn               (no ring)
MPRegen 0.09/turn               (no ring)

@: mighty, resistant, constricted
A: sickness immunity, AC +3, negative energy resistance 1, electricity
resistance, torment resistance 1, petrification resistance
a: no special abilities


You were on level 2 of the Dungeon.
You visited 1 branch of the dungeon, and saw 2 of its levels.

You collected 33 gold pieces.

Inventory:

Hand Weapons
 a - a +0 flail (weapon)
Armour
 b - a +0 scale mail (worn)
 c - a +0 buckler (worn)
 h - a +0 helmet (worn)
Scrolls
 e - a scroll of amnesia {unknown}
 i - 2 scrolls of magic mapping {unknown}
 j - a scroll of teleportation {unknown}


   Skills:
 + Level 4.3 Fighting
 + Level 3.2 Maces & Flails
 - Level 3.2 Armour
 - Level 3.2 Shields
 + Level 1.1 Conjurations


You had 2 spell levels left.
You knew the following spells:

 Your Spells              Type           Power      Damage    Failure   Level
a - Magic Dart            Conj           8%         1d3       63%         1

Your spell library contained the following spells:

 Spells                   Type           Power      Damage    Failure   Level
 Searing Ray              Conj           4%         2d4       77%         2
 Corpse Rot               Necr/Air       0%         N/A       88%         2
 Poisonous Vapours        Pois/Air       0%         N/A       88%         2
 Fulminant Prism          Conj/Hex       0%         3d6       100%        4


Dungeon Overview and Level Annotations

Branches:
Dungeon (2/15)

Altars:


Innate Abilities, Weirdness & Mutations

You are immune to sickness and miasma.
Your stone body is resilient. (AC +3)
You are immune to poison.
You resist negative energy. (rN+)
You are resistant to electric shocks. (rElec)
You are resistant to unholy torment.
You are immune to petrification.


Message History

You are too injured to fight recklessly!
It was a potion of resistance.
You feel protected.
The ball python bites you but does no damage.
The ball python constricts you.
Jessica gestures wildly while chanting.
Jessica seems to speed up.
You feel very mighty all of a sudden. Jessica barely misses you.
You block the ball python's attack. The ball python constricts you.
You barely miss Jessica.
Jessica is moderately wounded.
Jessica hits you with a +0 club.
* * * LOW HITPOINT WARNING * * *
The ball python bites you.
* * * LOW HITPOINT WARNING * * *
The ball python constricts you. You block Jessica's attack.
It was a potion of curing.
You feel better.
The ball python bites you but does no damage.
The ball python constricts you. Jessica hits you with a +0 club.
* * * LOW HITPOINT WARNING * * *
The ball python bites you but does no damage.
The ball python constricts you.
You sock Jessica!
You kill Jessica!
The ball python bites you but does no damage.
The ball python constricts you.
Your Conjurations skill increases to level 1!
You have reached level 4!
You feel stronger.
You barely miss the ball python. The ball python bites you.
* * * LOW HITPOINT WARNING * * *
The ball python constricts you.
* * * LOW HITPOINT WARNING * * *
The ball python bites you but does no damage.
The ball python constricts you.
You closely miss the ball python. You block the ball python's attack.
The ball python constricts you.
You barely miss the ball python. The ball python bites you.
You die...

... .......
....#.....#
...#.....#
#......(#########
.......#.......#
#....##.......#
#.)..##.......#
#.S@.#........#
#....#........#
#.......>.....#
########......#
#............#
.##.....#.######
........#.### #.
#.....#<..#
#..#.........#


You could see a ball python.

Vanquished Creatures
  Jessica (D:2)
  A worm (D:2)
  5 ball pythons (D:1)
  2 endoplasms
  2 giant cockroaches (D:1)
  2 goblins
  3 hobgoblins (D:2)
  3 jackals (D:1)
  3 quokkas
  2 bats (D:1)
  4 frilled lizards (D:1)
  6 kobolds
  A rat (D:1)
35 creatures vanquished.

Notes
Turn   | Place    | Note
-------+----------+-------------------------------------------
     0 | D:1      | Ijustatesigmund the Gargoyle Fighter began the quest for
                  | the Orb.
     0 | D:1      | Reached XP level 1. HP: 14/14 MP: 1/1
    62 | D:1      | Found a faded altar of an unknown god.
   515 | D:1      | Reached XP level 2. HP: 19/19 MP: 2/2
  1119 | D:1      | Reached XP level 3. HP: 24/24 MP: 3/3
  1189 | D:1      | Reached skill level 4 in Fighting
  1542 | D:2      | Learned a level 1 spell: Magic Dart
  1584 | D:2      | Noticed Jessica
  1599 | D:2      | HP: 1/24 [ball python (3)]
  1601 | D:2      | Killed Jessica
  1602 | D:2      | Reached skill level 1 in Conjurations
  1602 | D:2      | Reached XP level 4. HP: 6/30 MP: 4/4
  1604 | D:2      | Slain by a ball python

Illustrated notes

Levels and vault maps discovered:
D:1:      dpeg_arrival_shelter, layout_basic,
          ebering_ecumenical_altar_abandoned, minmay_heptomino_o4
D:2:      layout_rooms, serial_shops, shop, minmay_crystal_room, uniq_jessica

Skill      XL: |  1  2  3 |
---------------+----------+-----
Fighting       | 4 |  4.3
Maces & Flails | 3 |  3.2
Conjurations   | 1 |  1.1
Armour         | |  3.2
Shields        | |  3.2

Action                   |  1- 3 |  4- 6 || total
-------------------------+-------+-------++-------
Melee: Flail             |   121 |     3 ||   124
  Use: Potion            |     3 |       ||     3
Armor: Scale mail        |    64 |     1 ||    65
Dodge: Dodged            |    56 |       ||    56
Block: Buckler           |    15 |     1 ||    16

Table legend: (Time is in decaauts)
 A = Elapsed time spent in this place.
 B = Non-inter-level travel time spent in this place.
 C = Inter-level travel time spent in this place.
 D = Time resting spent in this place.
 E = Time spent auto-exploring this place.
 F = Levels seen in this place.
 G = Mean time per level.
                   A        B        C        D        E       F      G
               +--------+--------+--------+--------+--------+-----+--------+
         Total |   1639 |   1639 |      0 |    265 |   1107 |   2 |  819.5 |
       Dungeon |   1639 |   1639 |      0 |    265 |   1107 |   2 |  819.5 |
               +--------+--------+--------+--------+--------+-----+--------+

Top non-repeatable levels by time:
     D:1: 1543 daAuts
     D:2: 95 daAuts
